 Dungeon Crawl Stone Soup version 0.32-a0-960-g3814254bd7 (webtiles) character file.

Game seed: 1660143967895153395

5796 trashops the Cleaver (level 10, -4/90 HPs)
             Began as a Mountain Dwarf Fighter on Apr 17, 2024.
             Was a Believer of Okawaru.
             Slain by a two-headed ogre
             ... wielding a +0 giant spiked club
              (14 damage)
             ... on level 8 of the Dungeon.
             The game lasted 00:13:07 (8847 turns).

trashops the Cleaver (Mountain Dwarf Fighter)       Turns: 8847, Time: 00:13:07

Health: -4/90      AC: 20    Str: 22    XL:     10   Next: 50%
Magic:  9/9        EV:  6    Int: 13    God:    Okawaru [**....]
Gold:   244        SH:  4    Dex:  8    Spells: 9/9 levels left

rFire   . . .        n - +4 war axe
rCold   . . .        c - +0 buckler
rNeg    . . .        r - +0 plate armour
rPois   +            (no helmet)
rElec   .            y - +1 cloak {rPois}
rCorr   .            d - +1 pair of gloves
SInv    +            (no boots)
Will    ++...        (no amulet) Stlth
                     (no ring)
HPRegen 0.35/turn    q - ring of Zessaz {Will+ SInv}
MPRegen 0.11/turn

%: no passive effects
@: hasted, very quick
A: runic magic, artefact enchanting, clever 1, low MP 1, mutation resistance 1
a: Renounce Religion, Heroism


You were on level 8 of the Dungeon.
You worshipped Okawaru.
Okawaru was pleased with you.
You visited 2 branches of the dungeon, and saw 9 of its levels.

You collected 382 gold pieces.
You spent 138 gold pieces at shops.

Inventory:

Hand Weapons
 n - a +4 war axe (weapon)
 o - the +9 hand axe of the Jumping Pariah {vamp, *Slow rC+ Str+2 Dex+4}
   (You found it on level 4 of the Dungeon)

   Str+2:     It affects your strength (+2).
   Dex+4:     It affects your dexterity (+4).
   rC+:       It protects you from cold.
   *Slow:     It may slow you when you take damage.
Missiles
 j - a throwing net (quivered)
Armour
 c - a +0 buckler (worn)
 d - a +1 pair of gloves (worn)
 r - a +0 plate armour (worn)
 y - a +1 cloak of poison resistance (worn)
Jewellery
 f - a ring of see invisible
 q - the ring of Zessaz (right hand) {Will+ SInv}
   (You found it on level 4 of the Dungeon)

   [ring of willpower]

   Will+:     It increases your willpower.
   SInv:      It lets you see invisible.
Wands
 x - a wand of light (11)
Scrolls
 b - a scroll of fear
 e - 7 scrolls of identify
 g - a scroll of blinking
 i - 3 scrolls of immolation
 k - a scroll of silence {unknown}
 p - 3 scrolls of poison
 t - a scroll of enchant armour
 u - a scroll of revelation
 w - a scroll of vulnerability
Potions
 a - 2 potions of curing
 h - a potion of haste
 l - a potion of cancellation
 v - a potion of mutation


   Skills:
 * Level 8.6 Fighting
 * Level 13.3 Axes
 * Level 11.2 Armour
 + Level 6.5 Shields


You had 9 spell levels left.
You didn't know any spells.
Your spell library contained the following spells:

 Spells                   Type           Power      Damage    Failure   Level
 Lesser Beckoning         Tloc           0%         N/A       71%         2
 Mercury Vapours          Alch/Air       0%         N/A       71%         2
 Sublimation of Blood     Necr           0%         N/A       71%         2
 Maxwell's Portable Pile  Tloc           0%         2d(5-13)  90%         3
 Mephitic Cloud           Conj/Alch/Air  0%         N/A       90%         3
 Teleport Other           Tloc           0%         N/A       90%         3
 Freezing Cloud           Conj/Ice/Air   0%         6-21      100%        5
 Call Imp                 Summ           Unusable   N/A       N/A         2
 Summon Hydra             Summ           Unusable   N/A       N/A         7

Dungeon Overview and Level Annotations

Branches:
Dungeon (8/15)             Temple (1/1) D:7
   Lair: D:8-11

Altars:
Ashenzari
Cheibriados
Dithmenos
Elyvilon
Fedhas
Gozag
Kikubaaqudgha
Makhleb
Nemelex Xobeh
Okawaru
Qazlal
Trog
Uskayaw
Wu Jian
Xom
Yredelemnul
Zin
The Shining One

Shops:
D:7 ([!   D:8 (


Innate Abilities, Weirdness & Mutations

Your spellcasting is much less encumbered by armour.
You can use scrolls of enchantment on lesser artefacts.
Your mind is acute. (Int +4, Str/Dex -1)
Your magical capacity is low. (-10% MP)
You are somewhat resistant to further mutation.


Message History

You slash the orc!
You kill the orc!
Okawaru accepts your kill.
Things that are here:
a +0 trident; a +0 leather armour You see here a +0 hand axe of freezing.
Found a stone staircase leading up.
You now have 244 gold pieces (gained 9).
There is a stone staircase leading up here.
Found Nyad's Weapon Boutique.
e - 7 scrolls of identify (gained 1)
There is an entrance to Nyad's Weapon Boutique here.
There is an entrance to Nyad's Weapon Boutique here.
Found a stone staircase leading down.
There is a stone staircase leading down here.
The two-headed ogre shouts in stereo!
The two-headed ogre closely misses you. x2
You slash the two-headed ogre!
The two-headed ogre is moderately wounded.
The two-headed ogre hits you with a +0 giant spiked club!
The two-headed ogre completely misses you.
You hit the two-headed ogre.
The two-headed ogre is moderately wounded.
You slash the two-headed ogre!
The two-headed ogre is heavily wounded.
The two-headed ogre hits you with a +0 giant spiked club!!
The two-headed ogre hits you with a +0 giant club!!
You barely miss the two-headed ogre.
The two-headed ogre is heavily wounded.
You feel yourself speed up.
The two-headed ogre hits you with a +0 giant spiked club.
The two-headed ogre hits you with a +0 giant club.
You hit the two-headed ogre but do no damage.
The two-headed ogre is heavily wounded.
You slash the two-headed ogre!
The two-headed ogre is severely wounded.
The two-headed ogre hits you with a +0 giant spiked club!!
* * * LOW HITPOINT WARNING * * *
The two-headed ogre hits you with a +0 giant club!
You die...

...............###.###.#
.......................#
.....#.#.###..####.##..#
...#...#.# #..# #.##..#
........(###..####.##..#
.................#.##..#######
......>.......##.#.##........#
..............##.#.##..#####.#
....##.######.#O@............#
.............................#
....##.######.#..####..####.##
..#.##............# #..# #.#
.......#.####.#...# #.## #.#
..#........##.#...# #.# #.#
...........##.#...###.#####.#####
..#........##....................
....####.###............###.#####


You could see a two-headed ogre.

Vanquished Creatures
  A manticore (D:6)
  Jeremiah (D:6)
  A hornet (D:7)
  3 yaks (D:8)
  Menkaure (D:5)
  6 water moccasins
  An acid dragon (D:8)
  4 orc warriors
  3 sky beasts (D:7)
  2 phantoms
  5 bullfrogs
  A scorpion (D:6)
  A wight (D:7)
  5 killer bees
  A howler monkey (D:4)
  An electric eel (D:7)
  2 hounds (D:7)
  2 orc priests (D:7)
  A jelly (D:5)
  3 sleepcaps
  3 iguanas
  3 orc wizards
  A gnoll (D:7)
  2 shadow imps (D:7)
  2 white imps (D:7)
  2 ufetubi (D:5)
  2 ribbon worms
  A dart slug (D:2)
  22 orcs
  12 ball pythons
  A bat (D:3)
  8 endoplasms
  4 giant cockroaches
  3 goblins
  7 hobgoblins
  6 kobolds
  4 quokkas
  3 frilled lizards
  7 rats
138 creatures vanquished.

Notes
Turn   | Place    | Note
-------+----------+-------------------------------------------
     0 | D:1      | trashops the Mountain Dwarf Fighter began the quest for the
                  | Orb.
     0 | D:1      | Reached XP level 1. HP: 19/19 MP: 1/1
   219 | D:1      | Reached XP level 2. HP: 23/26 MP: 2/2
   768 | D:2      | Reached skill level 3 in Axes
  1294 | D:2      | Reached XP level 3. HP: 23/33 MP: 3/3
  1436 | D:2      | Noticed a phantom
  1452 | D:2      | Killed a phantom
  1453 | D:2      | Reached skill level 4 in Axes
  1453 | D:2      | Reached XP level 4. HP: 14/40 MP: 4/4
  2333 | D:3      | Found a faded altar of an unknown god.
  2511 | D:3      | Reached XP level 5. HP: 46/46 MP: 5/5
  2515 | D:3      | Gained mutation: Your magical capacity is low. (-10% MP)
                  | [potion of mutation]
  2515 | D:3      | Gained mutation: You are somewhat resistant to further
                  | mutation. [potion of mutation]
  2515 | D:3      | Gained mutation: Your mind is acute. (Int +4, Str/Dex -1)
                  | [potion of mutation]
  2909 | D:4      | Identified the +9 hand axe of the Jumping Pariah {vamp,
                  | *Slow rC+ Str+2 Dex+4}
  2938 | D:4      | Identified the ring of Zessaz {Will+ SInv}
  3129 | D:5      | Entered Level 5 of the Dungeon
  3292 | D:5      | You fall into a shaft and drop 1 floor!
  3328 | D:6      | Reached skill level 5 in Axes
  3328 | D:6      | Reached skill level 5 in Armour
  3328 | D:6      | Reached XP level 6. HP: 42/53 MP: 5/5
  3603 | D:6      | Noticed an orc warrior
  3615 | D:6      | Killed an orc warrior
  3858 | D:6      | Noticed a manticore
  4010 | D:6      | Killed a manticore
  4011 | D:6      | Reached skill level 5 in Fighting
  4011 | D:6      | Reached skill level 7 in Axes
  4011 | D:6      | Reached XP level 7. HP: 17/61 MP: 6/6
  4280 | D:5      | Noticed Menkaure
  4286 | D:5      | Killed Menkaure
  4715 | D:5      | Found a blossoming altar of Fedhas.
  4715 | D:5      | Found an ancient bone altar of Kikubaaqudgha.
  4982 | D:5      | Reached skill level 8 in Axes
  4982 | D:5      | Reached XP level 8. HP: 60/70 MP: 7/7
  5082 | D:6      | Identified the +2 robe "Mebboyf" {Will+ rCorr Slay+3}
  5129 | D:6      | Found an ornate altar of the Wu Jian Council.
  5315 | D:6      | Noticed Jeremiah
  5333 | D:6      | Killed Jeremiah
  5334 | D:6      | Reached skill level 9 in Axes
  5660 | D:7      | Found an iron altar of Okawaru.
  5719 | D:7      | Became a worshipper of Warmaster Okawaru
  5745 | D:7      | Found a staircase to the Ecumenical Temple.
  5825 | D:7      | Noticed a hornet
  5835 | D:7      | Killed a hornet
  5864 | D:7      | Found Sotueshe's Distillery.
  5864 | D:7      | Found Ucliewev's Armour Emporium.
  5869 | D:7      | Found Vuys's Weapon Emporium.
  5875 | D:7      | Bought a +1 pair of gloves for 138 gold pieces
  5903 | D:7      | Reached skill level 12 in Axes
  5903 | D:7      | Reached skill level 10 in Armour
  5903 | D:7      | Reached XP level 9. HP: 29/81 MP: 8/8
  5931 | Temple   | Entered the Ecumenical Temple
  6478 | D:7      | Reached XP level 10. HP: 83/88 MP: 9/9
  7057 | D:7      | Reached * piety under Okawaru
  7286 | D:7      | Reached skill level 13 in Axes
  7603 | D:8      | Noticed a two-headed ogre
  8157 | D:8      | Reached ** piety under Okawaru
  8765 | D:8      | Found Nyad's Weapon Boutique.
  8847 | D:8      | Slain by a two-headed ogre

Illustrated notes

Levels and vault maps discovered:
D:1:      ebering_trefoil_3fold, layout_basic
D:2:      minmay_chambers_of_twos, layout_loops_ring,
          nicolae_elevator_lobby_plus
D:3:      layout_basic, shapermc_ecumenical_altar_mp_vishouse,
          grunt_decor_resistance
D:4:      layout_cave_pools, kennysheep_small_circle
D:5:      layout_loops_cross, grunt_temple_overflow_growth_and_decay,
          uniq_menkaure
D:6:      nicolae_cairo_tiling_large, layout_cave_pools,
          nicolae_overflow_hidden_temple, serial_column_ruins,
          column_ruins_circle_large, column_ruins_circle_medium,
          column_ruins_corridor_T, column_ruins_columns_straight,
          column_ruins_open_medium, column_ruins_corridor_straight,
          column_ruins_open_medium, minmay_three_doors, uniq_jeremiah
D:7:      wad_river_or_something, layout_layer_cave,
          mainiacjoe_overflow_alcove_1, minmay_temple_entry_trees,
          nicolae_shop_distant_corner_stores
D:8:      layout_basic, serial_shops, shop, st_stairs_8,
          kennysheep_generic_room_2
Temple:   nicolae_temple_ecumenical_triangle

Skill      XL: |  1  2  3  4  5  6  7  8  9 10 |
---------------+-------------------------------+-----
Axes           | 3 4 5 7 8 12 13 | 13.3
Fighting       | 4 5 8 |  8.6
Armour         | 4 5 6 10 11 | 11.2
Shields        | 6 |  6.5

Action                     |  1- 3 |  4- 6 |  7- 9 | 10-12 || total
---------------------------+-------+-------+-------+-------++-------
  Melee: War axe           |    85 |   117 |   129 |   148 ||   479
    Use: Scroll            |       |    11 |     1 |     1 ||    13
         Potion            |       |     8 |     6 |     2 ||    16
   Stab: Invisible         |       |     2 |     3 |       ||     5
 Armour: Scale mail        |    97 |    88 |       |       ||   185
         Plate armour      |       |    22 |   132 |   128 ||   282
  Dodge: Dodged            |    30 |    72 |    36 |    26 ||   164
  Block: Buckler           |    16 |    28 |    25 |    22 ||    91

Table legend: (Time is in decaauts)
 A = Elapsed time spent in this place.
 B = Non-inter-level travel time spent in this place.
 C = Inter-level travel time spent in this place.
 D = Time resting spent in this place.
 E = Time spent auto-exploring this place.
 F = Levels seen in this place.
 G = Mean time per level.
                   A        B        C        D        E       F      G
               +--------+--------+--------+--------+--------+-----+--------+
         Total |   8885 |   8639 |    246 |   1879 |   5415 |   9 |  987.2 |
       Dungeon |   8684 |   8438 |    246 |   1682 |   5415 |   8 | 1085.5 |
        Temple |    201 |    201 |      0 |    197 |      0 |   1 |  201.0 |
               +--------+--------+--------+--------+--------+-----+--------+

Top non-repeatable levels by time:
     D:7: 2147 daAuts
     D:6: 1463 daAuts
     D:2: 1017 daAuts
     D:5: 1014 daAuts
     D:3: 908 daAuts
     D:8: 874 daAuts
     D:1: 647 daAuts
     D:4: 611 daAuts
  Temple: 201 daAuts
